 Dungeon Crawl Stone Soup version 0.24-a0-251-g44e327ef01 (webtiles) character file.

Game seed: 10178401817948141174

389 Redear the Ducker (level 6, -2/30 HPs)
             Began as a Felid Monk on Apr 16, 2019.
             Slain by a worker ant (6 damage)
             ... on level 3 of the Dungeon.
             The game lasted 00:07:43 (4313 turns).

Redear the Ducker (Felid Monk)                      Turns: 4313, Time: 00:07:43

Health: -2/30      AC:  2    Str:  6 (9)  XL:     6   Next: 49%
Magic:  7/7        EV: 22    Int: 10 (12) God:
Gold:   170        SH:  0    Dex: 16 (18) Spells: 5/5 levels left
                                        Lives:  0   Deaths: 2

rFire    . . .     SeeInvis +     - Unarmed
rCold    . . .     Gourm    .   (shield unavailable)
rNeg     . . .     Faith    .   (armour unavailable)
rPois    .         Spirit   .   (helmet unavailable)
rElec    .         Reflect  .   (cloak unavailable)
rCorr    .         Harm     .   (gloves unavailable)
MR       .....                  (boots unavailable)
Stlth    ++++......             b - amulet of magic regeneration
HPRegen  0.10/turn              (no ring)
MPRegen  0.35/turn              (no ring)

@: lethally poisoned (-2 -> -25), quick
A: very small, no armour, no weapons or thrown items, stealth, claws 1, fangs 3,
see invisible, carnivore, speed 1, shaggy fur 2, slow metabolism 1, sharp paws
a: no special abilities


You were on level 3 of the Dungeon.
You were not hungry.

You visited 1 branch of the dungeon, and saw 4 of its levels.

You collected 170 gold pieces.

Inventory:

Jewellery
 b - an amulet of magic regeneration (around neck)
Wands
 p - a wand of polymorph (7)
 V - a wand of flame (16)
Scrolls
 a - a scroll of magic mapping {unknown}
 f - a scroll of enchant weapon {unknown}
 h - a scroll of remove curse {unknown}
 i - a scroll of noise {unknown}
 n - 3 scrolls of identify {unknown}
 o - a scroll of enchant armour {unknown}
 q - a scroll of teleportation {unknown}
Potions
 c - a potion of resistance {unknown}
 d - 2 potions of lignification {unknown}
 e - a potion of magic {unknown}
 g - a potion of degeneration {!q}
 j - a potion of berserk rage {unknown}
 k - 2 potions of invisibility {unknown}
 l - a potion of agility {Stlth+ Dex+5 EV+5 | @q4}
 m - a potion of flight {unknown}
Comestibles
 z - 8 rations


   Skills:
 + Level 5.0 Fighting
 + Level 6.7 Dodging
 + Level 6.4 Stealth
 + Level 5.0 Unarmed Combat


You had 5 spell levels left.
You didn't know any spells.
Your spell library was empty.

Dungeon Overview and Level Annotations

Branches:
Dungeon (4/15)
 Temple: D:4-7

Altars:
Vehumet


Innate Abilities, Weirdness & Mutations

You cannot wear armour.
You are incapable of wielding weapons or throwing items.
Your paws allow you to move quietly. (Stealth)
You have sharp claws.
You have razor-sharp teeth.
You have supernaturally acute eyesight. (SInv)
You are carnivorous and can eat meat at any time.
You cover ground quickly.
You are covered in thick fur. (AC +2)
You have a slow metabolism.
Your sharp claws are effective at attacking unaware monsters.


Message History

You scratch the worker ant. You bite the worker ant.
The worker ant is almost dead.
You feel sick. The worker ant bites you.
You are lethally poisoned!
The worker ant poisons you!
You take 4 damage, and have 13/30 hp.
You closely miss the worker ant.
The worker ant is almost dead.
You feel sick. The worker ant bites you.
* * * LOW HITPOINT WARNING * * *
You are more poisoned.
The worker ant poisons you! The worker ant completely misses you.
You take 7 damage, and have 6/30 hp.
MASSIVE DAMAGE!!
Unknown command.
It was a potion of degeneration.
There was something very wrong with that liquid.
You feel weakened.
You feel dopey.
You feel clumsy.
* * * LOW HITPOINT WARNING * * *
You feel sick. The worker ant bites you.
You die...

#..#................####.#
##...###..########.## #.#
#.#............†..# #.#
##.###.....######.#####.#
### #.>...# #...).)<..#
#.....# ##.#...#####
#.....###...##.#
###.####....##.# #@#
#....##.# #a# #a#####.#
#.# #.#####.##### #.#
#.......))).. #.#
#....##.####.
#####.####....##.# ##.
#........g.......# #..
#.###............# #.. #.#
#............###..


You could see a worker ant.

Vanquished Creatures
  Sigmund (D:2)
  A gnoll sergeant (D:3)
  A howler monkey (D:3)
  A centaur zombie (D:3)
  An orc wizard (D:3)
  Jessica (D:3)
  Terence (D:2)
  A worker ant (D:2)
  Natasha (thrice) (D:3)
  Ijyb (D:3)
  Robin (D:2)
  9 gnolls
  4 adders
  2 oozes
  A worm (D:3)
  A dart slug (D:3)
  A leopard gecko (D:1)
  5 orcs
  9 bats
  3 giant cockroaches
  12 goblins
  10 hobgoblins
  4 jackals (D:3)
  A quokka (D:3)
  A ball python (D:3)
  8 frilled lizards
  14 kobolds
  6 rats
104 creatures vanquished.

Notes
Turn   | Place    | Note
-------+----------+-------------------------------------------
     0 | D:1      | Redear the Felid Monk began the quest for the Orb.
     0 | D:1      | Reached XP level 1. HP: 10/10 MP: 2/2
    95 | D:1      | Reached skill level 3 in Stealth
   124 | D:1      | Reached XP level 2. HP: 14/14 MP: 3/3
   733 | D:1      | Reached XP level 3. HP: 17/17 MP: 4/4
  1114 | D:2      | Noticed Terence
  1143 | D:2      | Killed Terence
  1161 | D:2      | Found a radiant altar of Vehumet.
  1172 | D:2      | Noticed Robin
  1182 | D:2      | Reached XP level 4. HP: 16/21 MP: 5/5
  1184 | D:2      | HP: 2/21 [goblin/+0 club[Robin] (5)]
  1185 | D:2      | Slain by a goblin
  1186 | D:2      | Reached XP level 3. HP: 0/17 MP: 4/4
  1203 | D:2      | Reached skill level 4 in Stealth
  1254 | D:2      | Noticed Sigmund
  1272 | D:2      | Killed Sigmund
  1272 | D:2      | Reached skill level 4 in Fighting
  1272 | D:2      | Reached skill level 5 in Dodging
  1272 | D:2      | Reached skill level 4 in Unarmed Combat
  1272 | D:2      | Reached XP level 4. HP: 15/22 MP: 5/5
  1272 | D:2      | Reached XP level 5. HP: 17/25 MP: 6/6
  1275 | D:2      | Reached skill level 5 in Stealth
  1943 | D:2      | Gained mutation: You are covered in thick fur. (AC +2)
                  | [Felid growth]
  1943 | D:2      | Reached XP level 6. HP: 10/28 MP: 7/7
  2185 | D:2      | Killed Robin
  2801 | D:3      | Noticed Jessica
  3141 | D:3      | Noticed Natasha
  3154 | D:3      | Killed Natasha
  3154 | D:3      | Reached skill level 6 in Dodging
  3412 | D:3      | Noticed Natasha
  3506 | D:3      | Noticed Ijyb
  3515 | D:3      | Reached skill level 6 in Stealth
  3528 | D:3      | Killed Ijyb
  3528 | D:3      | Reached XP level 7. HP: 23/33 MP: 8/8
  3678 | D:3      | Killed Jessica
  3712 | D:3      | Killed Natasha
  3721 | D:3      | Noticed Natasha
  3738 | D:3      | Killed Natasha
  3896 | D:3      | HP: 2/33 [gnoll sergeant/+3 spear of piercing (3)]
  3904 | D:3      | HP: 1/33 [gnoll sergeant/+3 spear of piercing (3)]
  3908 | D:3      | Slain by a gnoll
  3909 | D:3      | Reached XP level 6. HP: -2/30 MP: 7/7
  3937 | D:3      | Reached skill level 5 in Fighting
  3937 | D:3      | Reached skill level 5 in Unarmed Combat
  4313 | D:3      | Slain by a worker ant

Levels and vault maps discovered:
D:1:      eino_arrival_water_cross, layout_basic, serial_glass, glass_columns_b,
          glass_columns_b, glass_columns_a, glass_columns_a, glass_columns_b,
          glass_columns_a, glass_columns_c, glass_columns_b, glass_columns_b,
          glass_columns_a
D:2:      layout_loops_corners, vehumet_crystals, first_ration,
          minmay_misc_feat_more_columns, minmay_distorted, uniq_sigmund,
          uniq_terence, uniq_robin
D:3:      layout_loops_ring, uniq_natasha, uniq_ijyb, uniq_jessica
D:4:      layout_loops_corners, serial_shops, shop, uniq_pikel,
          uniq_crazy_yiuf_cottage

Skill      XL: |  1  2  3  4  5  6 |
---------------+-------------------+-----
Stealth        | 3 4 5 6 |  6.4
Fighting       | 4 5 |  5.0
Dodging        | 5 6 |  6.7
Unarmed Combat | 4 5 |  5.0

Action                   |  1- 3 |  4- 6 |  7- 9 || total
-------------------------+-------+-------+-------++-------
Melee: Unarmed           |   133 |   221 |    32 ||   386
       Punch             |     3 |     3 |     1 ||     7
       Bite              |    11 |    32 |     2 ||    45
  Use: Potion            |     2 |     1 |     2 ||     5
 Stab: Sleeping          |     6 |     9 |     1 ||    16
  Eat: Chunk             |       |    10 |       ||    10
Armor: Skin              |     2 |    10 |     2 ||    14
Dodge: Dodged            |   122 |   196 |    25 ||   343

Table legend:
 A = Non-vault XP
 B = Vault XP
 C = Vault XP percentage of total XP
 D = Non-vault monster count
 E = Vault monster count
 F = Vault count percentage of total count
                 A         B        C        D         E       F
            +---------+---------+-------+---------+---------+-------
      Total |     635 |     404 |  38.9 |      84 |      20 |  19.2
            +---------+---------+-------+---------+---------+-------
        D:1 |      49 |       0 |   0.0 |      31 |       0 |   0.0
        D:2 |     135 |     299 |  68.9 |      17 |      17 |  50.0
        D:3 |     451 |     105 |  18.9 |      36 |       3 |   7.7
            +---------+---------+-------+---------+---------+-------
